Match 37513114
Unlisted

Match 37513114
End
Royal Engineer Section
Selects Heavy Armor Battlegroup
Vickers Machine Gun Team
Royal Engineer Section
Construct Section Command Post
Construct Field Infirmary
Selects Engineer Detachments
Royal Engineer Section
Construct Platoon Command Post
Infantry Training
Royal Engineer Section
Construct Company Command Post
Selects Crusader AA Medium Tank
Crusader II Medium Tank
Crusader II Medium Tank
Crusader II Medium Tank
Crusader II Medium Tank
Green Béret
WasaBee
BOOM YOU
RECACE
Parsa
891064kan
0
0

Comments sign in to comment!

No comments posted yet!